 Dungeon Crawl Stone Soup version bcrawl-1.21.2-20-g6d45ba5942 (webtiles) character file.

Game seed: 646586455946188436

137 MisterOstroum the Skirmisher (level 5, 41/41 HPs)
             Began as a Demonspawn Archaeologist on Feb 25, 2020.
             Quit the game in a sewer.
             The game lasted 00:05:40 (3667 turns).

MisterOstroum the Skirmisher (DsAc)                 Turns: 3667, Time: 00:05:41

Health: 41/41      AC: 10    Str: 13    XL:     5   Next: 0%
Magic:  5/5        EV: 10    Int: 15    God:
Gold:   94         SH:  0    Dex: 11    Spells: 4/4 levels left

rFire    . . .     SeeInvis .   o - +0 short sword
rCold    . . .     Gourm    .   (no shield)
rNeg     . . .     Faith    .   r - +0 scale mail (curse)
rPois    .         Spirit   +   c - +1 hat
rElec    .         Reflect  .   t - +0 cloak (curse)
rCorr    .         Harm     .   (no gloves)
MR       .....                  d - +1 pair of boots
Stlth    +.........             j - amulet of guardian spirit
HPRegen  0.13/turn              (no ring)
MPRegen  0.09/turn              (no ring)

@: no status effects
A: talons 1, powered by pain 2
a: no special abilities


You were in a sewer.
You were not hungry.

You visited 1 branch of the dungeon, and saw 3 of its levels.
You also visited: Sewer.

You collected 94 gold pieces.

Inventory:

Hand Weapons
 a - a +0 whip
 o - a +0 short sword (weapon)
Missiles
 i - 461 stones (quivered)
 m - 321 arrows
 u - 42 poisoned needles
 y - 142 sling bullets
Armour
 b - a +1 robe
 c - a +1 hat (worn)
 d - a +1 pair of boots (worn)
 r - a cursed +0 scale mail (worn)
 t - a cursed +0 cloak (worn)
Jewellery
 j - an amulet of guardian spirit (around neck)
Scrolls
 g - a scroll of magic mapping {@r5 !r}
 h - 2 scrolls of fear {unknown}
 k - 3 scrolls of remove curse {unknown}
 p - 5 scrolls of identify {unknown}
 s - 2 scrolls of amnesia {unknown}
 x - a scroll of enchant armour {unknown}
 z - 4 scrolls of teleportation {unknown}
Potions
 l - 3 potions of heal wounds {unknown}
 n - 2 potions of mutation {unknown}
 q - a potion of agility {unknown}
 v - a potion of haste {unknown}
 w - a potion of lignification {unknown}
Comestibles
 e - 4 rations {!d}
 A - 2 chunks of flesh


   Skills:
 - Level 3.3 Fighting
 * Level 2.5 Short Blades
 - Level 0.8 Maces & Flails
 + Level 0.8 Armour
 + Level 2.9 Dodging
 - Level 3.0 Stealth


You had 4 spell levels left.
You didn't know any spells.
Your spell library was empty.

Dungeon Overview and Level Annotations

Branches:
Dungeon (3/12)

Altars:

Annotations:
D:2 Sigmund


Innate Abilities, Weirdness & Mutations

You have sharp toenails.
You sometimes gain power by taking damage.


Message History

You throw a stone. The stone hits the ooze.
The ooze is moderately wounded.
Throwing (i - inventory)
i - 476 stones (quivered)
Press: ? - help, Shift-Dir - straight line, f/p - ooze
Aim: an ooze (moderately wounded)
You throw a stone.
The stone hits the ooze but does no damage.
The ooze is moderately wounded.
Throwing (i - inventory)
i - 475 stones (quivered)
Press: ? - help, Shift-Dir - straight line, f/p - ooze
Aim: an ooze (moderately wounded)
You throw a stone.
The stone hits the ooze but does no damage.
The ooze is moderately wounded.
Throwing (i - inventory)
i - 474 stones (quivered)
Press: ? - help, Shift-Dir - straight line, f/p - ooze
Aim: an ooze (moderately wounded)
You throw a stone.
The stone hits the ooze but does no damage.
The ooze is moderately wounded.
Throwing (i - inventory)
i - 473 stones (quivered)
Press: ? - help, Shift-Dir - straight line, f/p - ooze
Aim: an ooze (moderately wounded)
You throw a stone. The stone hits the ooze.
The ooze is moderately wounded.
Throwing (i - inventory)
i - 472 stones (quivered)
Press: ? - help, Shift-Dir - straight line, f/p - ooze
Aim: an ooze (moderately wounded)
You throw a stone. The stone hits the ooze.
The ooze is heavily wounded.
Throwing (i - inventory)
i - 471 stones (quivered)
Press: ? - help, Shift-Dir - straight line, f/p - ooze
Aim: an ooze (heavily wounded)
You throw a stone. The stone barely misses the ooze.
Throwing (i - inventory)
i - 470 stones (quivered)
Press: ? - help, Shift-Dir - straight line, f/p - ooze
Aim: an ooze (heavily wounded)
You throw a stone. The stone hits the ooze.
The ooze is severely wounded.
Throwing (i - inventory)
i - 469 stones (quivered)
Press: ? - help, Shift-Dir - straight line, f/p - ooze
Aim: an ooze (severely wounded)
You throw a stone.
The stone hits the ooze but does no damage.
The ooze is severely wounded.
Throwing (i - inventory)
i - 468 stones (quivered)
Press: ? - help, Shift-Dir - straight line, f/p - ooze
Aim: an ooze (severely wounded)
You throw a stone. The stone hits the ooze.
The ooze is severely wounded.
Throwing (i - inventory)
i - 467 stones (quivered)
Press: ? - help, Shift-Dir - straight line, f/p - ooze
Aim: an ooze (severely wounded)
You throw a stone. The stone hits the ooze.
The ooze is almost dead.
Throwing (i - inventory)
i - 466 stones (quivered)
Press: ? - help, Shift-Dir - straight line, f/p - ooze
Aim: an ooze (almost dead)
You throw a stone. The stone barely misses the ooze.
Throwing (i - inventory)
i - 465 stones (quivered)
Press: ? - help, Shift-Dir - straight line, f/p - ooze
Aim: an ooze (almost dead)
You throw a stone.
The stone hits the ooze but does no damage.
The ooze is almost dead.
Throwing (i - inventory)
i - 464 stones (quivered)
Press: ? - help, Shift-Dir - straight line, f/p - ooze
Aim: an ooze (almost dead)
You throw a stone.
The stone hits the ooze but does no damage.
The ooze is almost dead.
Throwing (i - inventory)
i - 463 stones (quivered)
Press: ? - help, Shift-Dir - straight line, f/p - ooze
Aim: an ooze (almost dead)
You throw a stone.
The stone hits the ooze but does no damage.
The ooze is almost dead.
Throwing (i - inventory)
i - 462 stones (quivered)
Press: ? - help, Shift-Dir - straight line, f/p - ooze
Aim: an ooze (almost dead)
You throw a stone. The stone hits the ooze.
You kill the ooze!
You have reached level 5!
Your demonic ancestry asserts itself...
You feel even more energised by your suffering.
You're now able to understand the dusty tome!
Part of it contains a powerful arcane formula!
Most of the book is about a legendary artefact.
It claims this artefact was created by the god Lugonu, and goes on to praise Lugonu at length.
No target in view!
No target in view!
As you read the scroll of acquirement, it crumbles to dust.
Acquire which item? (Press ! for descriptions.) A: +1 dagger of speed B: +0 hat of the Armadillo {-Tele Regen+ Str+2 Slay+4} C: ring "Daruutz" {MP+9 Str-2 Int+5}; D: manual of Crossbows E: staff of wizardry; F: box of beasts; G: 3 rations; H: 306 gold pieces Acquire the manual of Crossbows? (y/n)
Something appears at your feet!
Are you sure you want to abandon this character and quit the game? (Confirm with "yes".)

...≈#≈≈≈# ≈≈≈# ...#≈≈≈#
≈≈≈# #.≈.≈≈≈# ≈≈≈#
....≈≈# ≈≈≈# #.≈.≈≈#
≈≈≈# #.≈≈≈≈# ≈≈≈#
##.≈≈≈#
≈≈≈###############≈≈≈≈#
≈≈≈≈≈.≈.≈≈≈≈≈≈≈≈@†≈≈≈≈#
≈≈≈≈≈≈≈≈≈≈≈≈≈≈≈≈≈≈≈≈≈≈#
≈≈≈≈≈≈≈≈≈≈≈≈≈≈≈≈.≈≈≈≈≈#
≈≈≈####≈≈####≈≈≈###≈≈≈#
≈≈.# #.≈# #≈≈.# ≈≈≈#
≈≈≈# #≈.# #≈≈≈# ≈≈≈#
.≈.# #..# #≈≈.# ≈≈≈#
≈≈.# #..# #≈≈≈# ≈≈#
≈≈≈#


There were no monsters in sight!

Vanquished Creatures
  2 adders (D:3)
  A river rat (D:3)
  2 oozes
  A worm (D:2)
  4 dart slugs
  8 leopard geckos
  5 orcs
  4 giant cockroaches (D:1)
  4 goblins
  9 hobgoblins
  3 jackals (Sewer)
  12 kobolds
  3 ball pythons
  7 bats
  3 frilled lizards
  9 rats
77 creatures vanquished.

Notes
Turn   | Place    | Note
-------+----------+-------------------------------------------
     0 | D:1      | MisterOstroum the Demonspawn Archaeologist began the quest
                  | for the Orb.
     0 | D:1      | Reached XP level 1. HP: 15/15 MP: 1/1
   254 | D:1      | Gained mutation: You sometimes gain a little power by
                  | taking damage. [demonic ancestry]
   254 | D:1      | Reached XP level 2. HP: 22/22 MP: 2/2
   592 | D:1      | Reached XP level 3. HP: 15/28 MP: 3/3
   884 | D:1      | Reached skill level 1 in Short Blades
  1377 | D:2      | Noticed Sigmund
  2183 | D:2      | Gained mutation: You have sharp toenails. [demonic
                  | ancestry]
  2183 | D:2      | Reached XP level 4. HP: 28/35 MP: 1/4
  3303 | D:3      | Found a glowing drain.
  3364 | Sewer    | Entered a sewer
  3665 | Sewer    | Gained mutation: You sometimes gain power by taking damage.
                  | [demonic ancestry]
  3665 | Sewer    | Reached XP level 5. HP: 41/41 MP: 5/5
  3665 | Sewer    | Identified a scroll of acquirement
  3666 | Sewer    | Identified the +0 hat of the Armadillo {-Tele Regen+ Str+2
                  | Slay+4} (You acquired it in a sewer)
  3666 | Sewer    | Identified the ring "Daruutz" {MP+9 Str-2 Int+5} (You
                  | acquired it in a sewer)
  3667 | Sewer    | Quit the game

Skill      XL: |  1  2  3 |
---------------+----------+-----
Fighting       | 2 3 |  3.3
Short Blades   | 2 |  2.5
Maces & Flails | |  0.8
Armour         | |  0.8
Dodging        | |  2.9
Stealth        | |  3.0

Action                   |  1- 3 |  4- 6 || total
-------------------------+-------+-------++-------
Melee: Whip              |    72 |       ||    72
       Short sword       |   174 |   161 ||   335
Throw: Stone             |     7 |    30 ||    37
  Use: Scroll            |       |     1 ||     1
 Stab: Sleeping          |     9 |       ||     9
  Eat: Chunk             |     4 |     2 ||     6
       Ration            |       |     1 ||     1
Armor: Robe              |    72 |       ||    72
       Scale mail        |     2 |    79 ||    81
Dodge: Dodged            |   192 |   102 ||   294
